 Dungeon Crawl Stone Soup version 0.31-a0-37-g98a128e1d9 (webtiles) character file.

Game seed: 5740696043530088460

70 pk666 the Magician (level 4, -3/24 HPs)
             Began as a Deep Elf Fire Elementalist on May 15, 2023.
             Killed from afar by an orc wizard (6 damage)
             ... with a magic dart
             ... on level 3 of the Dungeon.
             The game lasted 00:03:30 (2302 turns).

pk666 the Magician (Deep Elf Fire Elementalist)     Turns: 2302, Time: 00:03:31

Health: -3/24      AC:  4    Str:  5    XL:     4   Next: 4%
Magic:  1/12       EV: 12    Int: 28    God:
Gold:   160        SH:  0    Dex: 15    Spells: 10/11 levels left

rFire   . . .        i - +3 dagger
rCold   . . .        (no shield)
rNeg    . . .        a - +0 robe
rPois   +            (no helmet)
rElec   .            n - +0 cloak
rCorr   .            (no gloves)
SInv    .            j - +0 pair of boots
Will    .....        (no amulet)
Stlth   ++           k - +6 ring of intelligence
HPRegen 0.24/turn    o - ring of poison resistance
MPRegen 0.13/turn

%: no passive effects
@: no status effects
A: no striking features
a: no special abilities


You were on level 3 of the Dungeon.
You visited 1 branch of the dungeon, and saw 3 of its levels.

You collected 160 gold pieces.

Inventory:

Hand Weapons
 i - a +3 dagger (weapon)
Armour
 a - a +0 robe (worn)
 j - a +0 pair of boots (worn)
 n - a +0 cloak (worn)
Jewellery
 k - a +6 ring of intelligence (left hand)
 o - a ring of poison resistance (right hand)
Scrolls
 e - a scroll of immolation {unknown}
 f - 2 scrolls of teleportation {unknown}
 g - 4 scrolls of fear {unknown}
 h - 3 scrolls of identify {unknown}
 m - a scroll of blinking {unknown}
 p - a scroll of vulnerability {unknown}
 q - a scroll of summoning {unknown}
Potions
 b - a potion of magic
 c - 2 potions of brilliance {unknown}
 d - 2 potions of might {unknown}
 l - 2 potions of attraction {unknown}
 r - a potion of cancellation {unknown}
 s - a potion of resistance {unknown}


   Skills:
 - Level 2.4 Dodging
 - Level 2.4 Stealth
 + Level 4.2 Spellcasting
 + Level 2.5 Conjurations
 + Level 4.1 Fire Magic


You had 10 spell levels left.
You knew the following spells:

 Your Spells              Type           Power      Damage    Failure   Level
a - Foxfire               Conj/Fire      96%        2x1d8     1%          1

Your spell library contained the following spells:

 Spells                   Type           Power      Damage    Failure   Level
 Scorch                   Fire           58%        2d7       1%          2
 Magic Dart               Conj           80%        1d7       2%          1
 Shock                    Conj/Air       52%        1d6       4%          1
 Beastly Appendage        Tmut           10%        N/A       8%          1
 Inner Flame              Hex/Fire       17%        N/A       10%         3
 Volatile Blastmotes      Fire/Tloc      34%        2d12      10%         3
 Call Imp                 Summ           10%        N/A       11%         2
 Wereblood                Tmut           5%         N/A       11%         2
 Mephitic Cloud           Conj/Pois/Air  10%        N/A       16%         3
 Flame Wave               Conj/Fire      24%        2d8       19%         4
 Spider Form              Tmut/Pois      5%         N/A       22%         3
 Swiftness                Air            5%         N/A       22%         3
 Vhi's Electric Charge    Tloc/Air       10%        N/A       22%         3
 Airstrike                Air            2%         2d(1-17)  58%         4
 Arcjolt                  Conj/Air       6%         1d16      75%         5
 Maxwell's Capacitive Co  Air            2%         ∞         100%        8


Dungeon Overview and Level Annotations

Branches:
Dungeon (3/15)

Altars:

Shops:
D:2 =

Annotations:
D:3 PaleRider's ghost, weakling OpTm


Message History

You kill the orc!
Something hits you but does no damage.
You have reached level 4!
You feel clever.
Casting: Foxfire (safe; 1% risk of failure)
Confirm with . or Enter, or press ? or * to list all spells.
You conjure some foxfire!
Something hits you.
The foxfire hits something but does no damage.
The foxfire hits the orc.
You kill the orc!
You hear some strange, mumbled words.
A puff of flame appears from out of thin air!
The puff of flame hits you.
Casting: Foxfire (safe; 1% risk of failure)
Confirm with . or Enter, or press ? or * to list all spells.
You conjure some foxfire!
Something hits you but does no damage.
The foxfire hits the orc but does no damage.
The orc is lightly wounded.
The foxfire hits the orc.
The orc is moderately wounded.
Something hits you.
Casting: Foxfire (safe; 1% risk of failure)
Confirm with . or Enter, or press ? or * to list all spells.
You conjure some foxfire!
Something hits you. The orc hits you with a +0 falchion.
* * * LOW HITPOINT WARNING * * *
PaleRider's ghost keens inconsolably.
The foxfire hits the orc but does no damage.
The orc is moderately wounded.
The foxfire hits the orc but does no damage.
The orc is moderately wounded.
You hear some strange, mumbled words.
A magic dart appears from out of thin air!
The magic dart hits you.
* * * LOW HITPOINT WARNING * * *
The orc closely misses you. The endoplasm attacks as you move away!
The endoplasm misses you.
A magic dart appears from out of thin air!
The magic dart hits you.
You die...

.# .# #..#. #.# .#..# .#
#..#. #.# .#..# .#
#..#.##.##.#..#### .###
#..#...$$..#(..... ...#
#.§#.SWrKo. .... ##.#
#..#########..# #.#
#..†.§.J......# ##.#
###....@.o......#
#..#######........{...####
.#.........####..###.##
.........### #..# #.#
#..#####.# #..# #.########
#..# #.# #..# #oo.o)o...
#..# ##.# #..# ##J..#J...
...# #..# #..# #.### .
#######.## #..# #..


You could see an orc priest, PaleRider's ghost, an orc, an endoplasm, a kobold
and a rat.

Vanquished Creatures
  2 adders (D:2)
  A worm (D:2)
  3 dart slugs
  3 orcs (D:3)
  3 ball pythons
  3 bats
  3 endoplasms
  6 jackals
  7 kobolds
  A quokka (D:2)
  2 frilled lizards
  A goblin (D:1)
  4 rats (D:1)
39 creatures vanquished.

Vanquished Creatures (others)
  165 foxfires
165 creatures vanquished.

Grand Total: 204 creatures vanquished

Notes
Turn   | Place    | Note
-------+----------+-------------------------------------------
     0 | D:1      | pk666 the Deep Elf Fire Elementalist began the quest for
                  | the Orb.
     0 | D:1      | Reached XP level 1. HP: 10/10 MP: 6/6
   426 | D:1      | Reached XP level 2. HP: 15/15 MP: 2/8
   613 | D:1      | Found a faded altar of an unknown god.
  1437 | D:2      | Reached XP level 3. HP: 19/19 MP: 7/10
  1481 | D:2      | Found Odaapuag's Jewellery Shop.
  2125 | D:3      | Noticed PaleRider's ghost (weakling OpTm)
  2296 | D:3      | Reached XP level 4. HP: 20/24 MP: 3/12
  2302 | D:3      | Killed from afar by an orc wizard

Illustrated notes

Levels and vault maps discovered:
D:1:      amcnicky_arrival_wind_blow, layout_loops_corners,
          shapermc_ecumenical_altar_starsandcircs
D:2:      layout_basic, serial_shops, nicolae_diamond_shop, serial_rivers,
          chequers_serial_rivers_micro_b, chequers_serial_rivers_room_b,
          chequers_serial_rivers_room_a, chequers_serial_rivers_marsh,
          chequers_serial_rivers_small_b, chequers_serial_rivers_room_b
D:3:      layout_loops_ring, lemuel_round_altar, gammafunk_ghost_split,
          nrook_campfire, hangedman_decor_lopped, uniq_sigmund, uniq_natasha

Skill      XL: |  1  2  3 |
---------------+----------+-----
Conjurations   | 2 |  2.5
Spellcasting   | 4 |  4.2
Fire Magic     | 4 |  4.1
Dodging        | |  2.4
Stealth        | |  2.4

Action                     |  1- 3 |  4- 6 || total
---------------------------+-------+-------++-------
   Cast: Foxfire           |    96 |     3 ||    99
 Armour: Robe              |     2 |     1 ||     3
  Dodge: Dodged            |    11 |     2 ||    13

Table legend: (Time is in decaauts)
 A = Elapsed time spent in this place.
 B = Non-inter-level travel time spent in this place.
 C = Inter-level travel time spent in this place.
 D = Time resting spent in this place.
 E = Time spent auto-exploring this place.
 F = Levels seen in this place.
 G = Mean time per level.
                   A        B        C        D        E       F      G
               +--------+--------+--------+--------+--------+-----+--------+
         Total |   2304 |   2278 |     26 |     88 |   1847 |   3 |  768.0 |
       Dungeon |   2304 |   2278 |     26 |     88 |   1847 |   3 |  768.0 |
               +--------+--------+--------+--------+--------+-----+--------+

Top non-repeatable levels by time:
     D:1: 1187 daAuts
     D:2: 818 daAuts
     D:3: 299 daAuts
